 Dungeon Crawl Stone Soup version 0.29-a0-330-g52719c12eb (webtiles) character file.

Game seed: 7063784895171558147

912 kae the Firebug (level 7, -8/50 HPs)
             Began as a Demigod Fire Elementalist on May 19, 2022.
             Mangled by a gnoll
             ... wielding a +0 whip
              (10 damage)
             ... on level 5 of the Dungeon.
             The game lasted 00:03:10 (5710 turns).

kae the Firebug (Demigod Fire Elementalist)         Turns: 5710, Time: 00:03:10

Health: -8/50      AC:  3    Str:  9    XL:     7   Next: 52%
Magic:  11/15      EV: 16    Int: 25    God:
Gold:   292        SH:  0    Dex: 14    Spells: 4/13 levels left

rFire   . . .      SeeInvis .   (no weapon)
rCold   . . .      Faith    .   (no shield)
rNeg    . . .      Spirit   .   a - +1 robe
rPois   .          Reflect  .   (no helmet)
rElec   .          Harm     .   (no cloak)
rCorr   .          Rampage  .   (no gloves)
Will    .....                   (no boots)
Stlth   ++........              (no amulet)
HPRegen 0.16/turn               c - +4 ring of evasion
MPRegen 0.14/turn               (no ring)

@: no status effects
A: high MP 1, forlorn, divine attributes
a: no special abilities


You were on level 5 of the Dungeon.
You visited 1 branch of the dungeon, and saw 5 of its levels.

You collected 292 gold pieces.

Inventory:

Missiles
 b - a throwing net
Armour
 a - a +1 robe (worn)
Jewellery
 c - a +4 ring of evasion (left hand)
Wands
 d - a wand of digging (2)
Scrolls
 e - 4 scrolls of immolation
 f - 2 scrolls of enchant armour
Potions
 g - a potion of attraction
 h - a potion of cancellation
 i - a potion of might
 j - 2 potions of mutation
 k - a potion of curing
 m - a potion of degeneration {unknown}


   Skills:
 - Level 1.7 Dodging
 - Level 1.7 Stealth
 + Level 3.6 Spellcasting
 * Level 5.1 Conjurations
 * Level 5.8 Fire Magic


You had 4 spell levels left.
You knew the following spells:

 Your Spells              Type           Power      Damage    Failure   Level
a - Foxfire               Conj/Fire      100%       2x1d9     1%          1
b - Scorch                Fire           66%        2d8       1%          2
c - Conjure Flame         Conj/Fire      32%        6-21      3%          3
d - Inner Flame           Hex/Fire       19%        N/A       9%          3

Your spell library contained the following spells:

 Spells                   Type           Power      Damage    Failure   Level
 Magic Dart               Conj           100%       1d8       1%          1
 Searing Ray              Conj           60%        2d6       1%          2
 Beastly Appendage        Tmut           8%         N/A       10%         1
 Summon Small Mammal      Summ           16%        N/A       10%         1
 Flame Wave               Conj/Fire      32%        2d8       10%         4
 Wereblood                Tmut           4%         N/A       14%         2
 Call Canine Familiar     Summ           4%         N/A       28%         3
 Confusing Touch          Hex            4%         N/A       28%         3
 Spider Form              Tmut/Pois      4%         N/A       28%         3
 Summon Guardian Golem    Hex/Summ       4%         N/A       28%         3
 Fulminant Prism          Conj/Hex       8%         3d7       32%         4
 Yara's Violent Unravell  Hex/Tmut       2%         3d3       95%         5
 Enfeeble                 Hex            2%         N/A       100%        7


Dungeon Overview and Level Annotations

Branches:
Dungeon (5/15)
 Temple: D:4-7

Annotations:
D:3 1 runed translucent door, Crazy Yiuf


Innate Abilities, Weirdness & Mutations

You have an increased reservoir of magic. (+10% MP)
You shall have no god before yourself.
Your divine heritage dramatically boosts your attributes as you level up.


Message History

You conjure some foxfire!
The gnoll closely misses you.
The gnoll shaman calls upon its god to heal the gnoll.
The gnoll's wounds heal themselves!
The foxfire hits the gnoll.
The gnoll is moderately wounded.
The foxfire hits the gnoll.
The gnoll is heavily wounded.
Casting: Foxfire (safe; 1% risk of failure)
Confirm with . or Enter, or press ? or * to list all spells.
You conjure some foxfire!
The gnoll closely misses you.
The foxfire hits the gnoll shaman but does no damage.
The foxfire hits the gnoll shaman!
The gnoll shaman is heavily wounded.
The gnoll hits you with a +0 whip!
There are monsters nearby!
Casting: Foxfire (safe; 1% risk of failure)
Confirm with . or Enter, or press ? or * to list all spells.
You conjure some foxfire!
The gnoll misses you.
The gnoll shaman hits you with a +0 club!
The foxfire hits the gnoll but does no damage.
The foxfire hits the gnoll.
The gnoll is heavily wounded.
The gnoll shaman calls upon its god to heal the gnoll.
The gnoll is healed somewhat.
The gnoll hits you with a +0 whip.
There are monsters nearby!
Casting: Foxfire (safe; 1% risk of failure)
Confirm with . or Enter, or press ? or * to list all spells.
You conjure some foxfire!
The gnoll hits you with a +0 whip.
The gnoll shaman hits you with a +0 club!
The gnoll hits you with a +0 flail!
* * * LOW HITPOINT WARNING * * *
The foxfire hits the gnoll shaman.
The gnoll shaman is severely wounded.
The foxfire hits the gnoll.
The gnoll is heavily wounded.
The gnoll hits you but does no damage.
The gnoll shaman hits you with a +0 club.
* * * LOW HITPOINT WARNING * * *
The gnoll hits you with a +0 whip!
You die...

### ###### ##### ...
#....######....
#.#######.##........
#####......##....###....
...............####.....
......g.##ยง##.## #.####
#..g@##.##.### #.#
####g........###.####
#####.............
##....#.###### #.#....#
#.##...# #......##
###.....# ..
##....#......


You could see a gnoll shaman and 2 gnolls.

Vanquished Creatures
  Grinder (D:3)
  A phantom (D:4)
  2 scorpions
  3 hounds
  A gnoll shaman (D:5)
  Terence (D:3)
  3 iguanas (D:5)
  10 adders
  12 gnolls
  A worm (D:2)
  A dart slug (D:1)
  7 orcs
  5 endoplasms
  A giant cockroach (D:1)
  5 goblins
  10 hobgoblins
  10 jackals
  7 quokkas
  6 ball pythons
  5 bats
  2 frilled lizards (D:1)
  9 kobolds
  2 rats (D:1)
105 creatures vanquished.

Vanquished Creatures (others)
  384 foxfires
384 creatures vanquished.

Grand Total: 489 creatures vanquished

Notes
Turn   | Place    | Note
-------+----------+-------------------------------------------
     0 | D:1      | kae the Demigod Fire Elementalist began the quest for the
                  | Orb.
     0 | D:1      | Reached XP level 1. HP: 14/14 MP: 5/5
     1 | D:1      | Noticed an electric eel
    14 | D:1      | Reached skill level 1 in Conjurations
   333 | D:1      | Reached XP level 2. HP: 20/20 MP: 5/7
  1373 | D:2      | Reached XP level 3. HP: 16/26 MP: 2/8
  2152 | D:2      | Reached XP level 4. HP: 32/33 MP: 5/10
  2790 | D:3      | Noticed Grinder
  2865 | D:2      | Learned a level 2 spell: Scorch
  2869 | D:2      | Learned a level 3 spell: Conjure Flame
  3055 | D:3      | Paralysed by Grinder for 5 turns
  3056 | D:3      | Killed Grinder
  3057 | D:3      | Reached XP level 5. HP: 26/38 MP: 6/12
  3065 | D:2      | Reached XP level 6. HP: 24/45 MP: 3/13
  3628 | D:3      | Learned a level 3 spell: Inner Flame
  3633 | D:3      | Noticed Terence
  3657 | D:3      | Killed Terence
  3808 | D:3      | Found a runed translucent door.
  3809 | D:3      | Noticed Crazy Yiuf
  3906 | D:3      | Reached skill level 5 in Fire Magic
  4120 | D:3      | HP: 2/45 [endoplasm (1)]
  4385 | D:3      | Reached XP level 7. HP: 38/50 MP: 10/15
  5201 | D:5      | Entered Level 5 of the Dungeon
  5463 | D:5      | Reached skill level 5 in Conjurations
  5710 | D:5      | HP: 2/50 [gnoll shaman/+0 club (6)]
  5710 | D:5      | Mangled by a gnoll

Illustrated notes

Levels and vault maps discovered:
D:1:      arrival_aquarium_a, layout_loops_cross
D:2:      layout_loops_ring, serial_glass, glass_columns_a, glass_columns_a,
          minmay_hexomino_f4
D:3:      layout_basic, chequers_serial_rivers_small_b, uniq_grinder,
          uniq_crazy_yiuf_cottage, uniq_terence
D:4:      layout_cave_pools, minmay_bisected
D:5:      layout_rooms

Skill      XL: |  1  2  3  4  5  6  7 |
---------------+----------------------+-----
Conjurations   | 1 2 3 4 5 |  5.1
Fire Magic     | 3 4 5 |  5.8
Spellcasting   | 2 3 |  3.6
Dodging        | |  1.7
Stealth        | |  1.7

Action                   |  1- 3 |  4- 6 |  7- 9 || total
-------------------------+-------+-------+-------++-------
Melee: Unarmed           |     6 |     4 |       ||    10
 Cast: Foxfire           |   102 |    64 |    77 ||   243
       Scorch            |       |    34 |    10 ||    44
  Use: Scroll            |     1 |     8 |     3 ||    12
       Potion            |       |     4 |       ||     4
Armor: Robe              |     3 |    14 |     2 ||    19
Dodge: Dodged            |    40 |   106 |    24 ||   170

Table legend: (Time is in decaauts)
 A = Elapsed time spent in this place.
 B = Non-inter-level travel time spent in this place.
 C = Inter-level travel time spent in this place.
 D = Time resting spent in this place.
 E = Time spent auto-exploring this place.
 F = Levels seen in this place.
 G = Mean time per level.
                   A        B        C        D        E       F      G
               +--------+--------+--------+--------+--------+-----+--------+
         Total |   5718 |   5456 |    262 |      0 |   4576 |   5 | 1143.6 |
       Dungeon |   5718 |   5456 |    262 |      0 |   4576 |   5 | 1143.6 |
               +--------+--------+--------+--------+--------+-----+--------+

Top non-repeatable levels by time:
     D:2: 1978 daAuts
     D:3: 1324 daAuts
     D:1: 1183 daAuts
     D:4: 746 daAuts
     D:5: 485 daAuts
